 Dungeon Crawl Stone Soup version 0.31.0-32-g396128a36d (webtiles) character file.

Game seed: 2123570208302490836

253 PriceMaster the Conjurer (level 6, 0/29 HPs)
             Began as a Vine Stalker Conjurer on Mar 24, 2024.
             Was an Initiate of Fedhas.
             Constricted to death by Ijyb (5 damage)
             ... on level 3 of the Dungeon on Mar 25, 2024.
             The game lasted 00:04:09 (2712 turns).

PriceMaster the Conjurer (Vine Stalker Conjurer)    Turns: 2712, Time: 00:04:11

Health: 0/29       AC:  5    Str: 12    XL:     6   Next: 14%
Magic:  0/12       EV:  9    Int: 18    God:    Fedhas [......]
Gold:   99         SH:  0    Dex: 12    Spells: 9/12 levels left

rFire   . . .        d - +0 short sword
rCold   . . .        (no shield)
rNeg    . . .        a - +0 robe
rPois   .            (no helmet)
rElec   .            f - +2 cloak
rCorr   +            (no gloves)
SInv    .            (no boots)
Will    .....        (no amulet)
Stlth   ++           g - ring of resist corrosion
HPRegen 1.04/turn    (no ring)
MPRegen 0.13/turn

%: guardian spirit
@: grasped by roots, constricted
A: fangs 2, regeneration 1, magic shield, antimagic bite, no potion heal 2
a: Renounce Religion


You were on level 3 of the Dungeon.
You worshipped Fedhas.
Fedhas was noncommittal.
You visited 1 branch of the dungeon, and saw 3 of its levels.

You collected 99 gold pieces.

Inventory:

Hand Weapons
 b - a +0 scythe
 d - a +0 short sword (weapon)
Armour
 a - a +0 robe (worn)
 f - a +2 cloak (worn)
Jewellery
 g - a ring of resist corrosion (left hand)
Scrolls
 e - a scroll of vulnerability {unknown}
 h - a scroll of summoning {unknown}
 i - a scroll of noise {unknown}
Potions
 c - a potion of curing {unknown}


   Skills:
 + Level 0.5 Fighting
 + Level 0.9 Short Blades
 + Level 2.3 Dodging
 + Level 3.3 Stealth
 + Level 3.8 Spellcasting
 + Level 5.4 Conjurations


You had 9 spell levels left.
You knew the following spells:

 Your Spells              Type           Power      Damage    Failure   Level
a - Magic Dart            Conj           92%        1d7       1%          1
b - Searing Ray           Conj           46%        2d6       2%          2

Your spell library contained the following spells:

 Spells                   Type           Power      Damage    Failure   Level
 Stone Arrow              Conj/Erth      26%        3d8       14%         3
 Summon Small Mammal      Summ           12%        N/A       16%         1
 Ensorcelled Hibernation  Hex/Ice        6%         N/A       22%         2
 Sublimation of Blood     Necr           3%         N/A       22%         2
 Call Canine Familiar     Summ           3%         N/A       41%         3
 Fugue of the Fallen      Necr           3%         N/A       41%         3
 Vampiric Draining        Necr           3%         2d6       41%         3
 Fulminant Prism          Conj/Alch      6%         3d7       43%         4
 Iskenderun's Mystic Bla  Conj/Tloc      13%        2d5       43%         4
 Fireball                 Conj/Fire      6%         3d5       80%         5
 Anguish                  Hex/Necr       1%         N/A       83%         4
 Summon Blazeheart Golem  Fire/Summ      3%         N/A       83%         4
 Conjure Ball Lightning   Conj/Air       6%         3x3d6     100%        6
 Discord                  Hex            1%         N/A       100%        8
 Disjunction              Tloc           1%         N/A       100%        8


Dungeon Overview and Level Annotations

Branches:
Dungeon (3/15)

Altars:
Fedhas
Nemelex Xobeh

Shops:
D:1 [

Annotations:
D:3 Ijyb


Innate Abilities, Weirdness & Mutations

You have extremely sharp teeth.
Your natural rate of healing is unusually fast.
When hurt, damage is shared between your health and your magic reserves.
Your bite disrupts and absorbs the magic of your enemies.
Potions cannot restore your health.


Message History

Ijyb hits you but does no damage.
You barely miss Ijyb. Your bite misses Ijyb.
Ijyb is severely wounded.
You hit Ijyb but do no damage.
Ijyb is severely wounded.
Ijyb hits you with a +0 dagger.
You closely miss Ijyb.
Ijyb is severely wounded.
Ijyb hits you but does no damage.
You hit Ijyb. Your bite misses Ijyb.
Ijyb is almost dead.
Ijyb zaps a wand.
The roots erupt in riotous growth!
The grasping roots grab you!
Ijyb is unaffected.
The grasping roots constrict you.
You hit Ijyb but do no damage. You punch Ijyb, but do no damage.
Your bite misses Ijyb.
Ijyb is almost dead.
Ijyb hits you with a +0 dagger. The grasping roots constrict you.
Unknown command.
Press < or > to pray at altars.
Okay, then.
You completely miss Ijyb. Your bite misses Ijyb.
Ijyb is almost dead.
Ijyb barely misses you. The grasping roots constrict you!
You hit Ijyb but do no damage. Your bite misses Ijyb.
Ijyb is almost dead.
Ijyb hits you with a +0 dagger.
* * * LOW HITPOINT WARNING * * *
The grasping roots constrict you.
* * * LOW HITPOINT WARNING * * *
Casting: Searing Ray (safe; 2% risk of failure)
Confirm with . or Enter, or press ? or * to list all spells.
Aiming: Magic Dart (safe; 1% risk of failure)
Press: ? - help, Shift-Dir - straight line, f - Ijyb
Aim: Ijyb, wielding a +0 dagger, wearing a +0 leather armour and carrying a wand of roots (almost dead, 100% to hit)
The magic dart hits Ijyb but does no damage.
Ijyb is almost dead.
Ijyb barely misses you. The grasping roots constrict you.
You die...
Fedhas appreciates your contribution to the ecosystem.

#...# #.# .
...># #.#####
..
....####.....#
...
#......####.#
..5......##.#
#.#
....h##..##.#
#<# #=5...##.#
#.# #†###.#
#.#
##...g@######
#.#.........#
#...........#
###.........#
##.########
#.# #.. #.. ..


You could see Ijyb.

Vanquished Creatures
  Sigmund (D:2)
  Natasha (D:3)
  2 adders
  A ribbon worm (D:2)
  2 dart slugs
  2 endoplasms (D:1)
  2 giant cockroaches (D:1)
  2 goblins
  7 hobgoblins
  4 kobolds
  5 ball pythons
  8 bats
  A frilled lizard (D:2)
  11 rats
49 creatures vanquished.

Notes
Turn   | Place    | Note
-------+----------+-------------------------------------------
     0 | D:1      | PriceMaster the Vine Stalker Conjurer began the quest for
                  | the Orb.
     0 | D:1      | Reached XP level 1. HP: 9/9 MP: 4/4
   130 | D:1      | Got Xiyl's Volume of Postmortem Striking
   162 | D:1      | Reached XP level 2. HP: 13/13 MP: 3/6
   367 | D:1      | Found Aneef's Antique Armour Shop.
   966 | D:1      | Learned a level 2 spell: Searing Ray
  1255 | D:2      | Reached XP level 3. HP: 16/16 MP: 4/7
  1574 | D:2      | Found a sparkling altar of Nemelex Xobeh.
  2330 | D:2      | Reached XP level 4. HP: 21/21 MP: 5/8
  2379 | D:2      | Noticed Sigmund
  2431 | D:2      | Killed Sigmund
  2432 | D:2      | Reached skill level 5 in Conjurations
  2432 | D:2      | Reached XP level 5. HP: 13/25 MP: 4/11
  2649 | D:3      | Found a blossoming altar of Fedhas.
  2663 | D:3      | Reached XP level 6. HP: 29/29 MP: 9/12
  2666 | D:3      | Became a worshipper of Fedhas Madash
  2688 | D:3      | Noticed Natasha
  2690 | D:3      | Noticed Ijyb
  2701 | D:3      | Killed Natasha
  2712 | D:3      | Constricted to death by Ijyb

Illustrated notes

Levels and vault maps discovered:
D:1:      matt_arrival_refuge, layout_basic, serial_shops, shop
D:2:      layout_loops_ring, basic_altar, kennysheep_big_empty_room,
          nrook_mini_backslash, minmay_cut_off, uniq_sigmund
D:3:      layout_basic, overflow_temple_1_default, lightli_temple_of_fire,
          uniq_ijyb, uniq_terence, uniq_natasha

Skill      XL: |  1  2  3  4 |
---------------+-------------+-----
Dodging        | 2 |  2.3
Stealth        | 3 |  3.3
Spellcasting   | 3 |  3.8
Conjurations   | 5 |  5.4
Fighting       | |  0.5
Short Blades   | |  0.9

Action                     |  1- 3 |  4- 6 || total
---------------------------+-------+-------++-------
  Melee: Short sword       |    24 |     7 ||    31
         Bite              |     9 |       ||     9
         Punch             |       |     1 ||     1
   Cast: Magic Dart        |    61 |    18 ||    79
         Searing Ray       |     8 |     4 ||    12
    Use: Potion            |       |     1 ||     1
 Armour: Robe              |    21 |    21 ||    42
  Dodge: Dodged            |    26 |     4 ||    30
